 Dungeon Crawl Stone Soup version 0.21-a0-529-g8c7b3f5 (webtiles) character file.

22767 tof the Carver (level 13, -3/82 HPs)
             Began as a Gargoyle Monk on Dec 9, 2017.
             Was a High Priest of Okawaru.
             Slain by a ten-headed hydra (4 damage)
             ... on level 3 of the Lair of Beasts.
             The game lasted 00:43:09 (18151 turns).

tof the Carver (Gargoyle Monk)                     Turns: 18151, Time: 00:43:09

Health: -3/82      AC: 23    Str: 16    XL:     13   Next: 2%
Magic:  19/19      EV: 13    Int: 11    God:    Okawaru [*****.]
Gold:   912        SH:  0    Dex: 19    Spells: 10/12 levels left

rFire    . . .     SeeInvis .   V - +6 trident "Reseawu" {pierce, -Tele Dex+5 Stlth+}
rCold    + . .     Gourm    .   (no shield)
rNeg     + . .     Faith    .   N - +0 troll leather armour
rPois    ∞         Spirit   .   p - +2 helmet
rElec    +         Reflect  .   (no cloak)
rCorr    .         Harm     .   v - +0 pair of gloves
MR       .....     NoTele   +   b - +0 pair of boots
Stlth    +++.......             t - amulet of magic regeneration
HPRegen  0.63/turn              (no ring)
MPRegen  0.41/turn              D - ring of protection from cold (curse)

@: no status effects
A: iridescent scales 1, blurry vision 1, clumsy 1, negative energy resistance 1,
electricity resistance, wild magic 1, unbreathing, petrification resistance, rot
immunity, AC +9
a: Heroism, Finesse, Renounce Religion


You were on level 3 of the Lair of Beasts.
You worshipped Okawaru.
Okawaru was extremely pleased with you.
You were not hungry.

You visited 2 branches of the dungeon, and saw 14 of its levels.

You collected 912 gold pieces.

Inventory:

Hand Weapons
 j - a +0 long sword
 V - the +6 trident "Reseawu" (weapon) {pierce, -Tele Dex+5 Stlth+}
   (You took it off an orc on level 4 of the Dungeon)

   It inflicts extra damage upon your enemies.
   It affects your dexterity (+5).
   It prevents most forms of teleportation.
   It makes you more stealthy.
 W - a +7 double sword of electrocution
Missiles
 K - a throwing net
 L - 3 javelins of penetration
 M - 3 steel javelins
 O - 4 javelins of returning (quivered)
Armour
 b - a +0 pair of boots (worn)
 p - a +2 helmet (worn)
 v - a +0 pair of gloves (worn)
 N - a +0 troll leather armour (worn)
 P - a +0 shield
Jewellery
 t - an amulet of magic regeneration (around neck)
 D - a cursed ring of protection from cold (right hand)
 H - an uncursed ring of protection from magic
 X - an uncursed ring of see invisible
Wands
 r - a wand of iceblast (8)
 B - a wand of polymorph (15)
 F - a wand of digging (9)
 I - a wand of scattershot (6)
Scrolls
 a - a scroll of fog
 d - 4 scrolls of enchant armour
 e - 6 scrolls of teleportation
 f - 2 scrolls of silence {unknown}
 l - 4 scrolls of amnesia
 y - 4 scrolls of remove curse
 E - 2 scrolls of blinking
 J - a scroll of fear {unknown}
Potions
 g - a potion of cancellation
 i - 2 potions of invisibility
 k - 4 potions of haste
 n - 5 potions of flight
 o - 3 potions of curing
 s - 4 potions of agility
 u - a potion of lignification {unknown}
 w - 2 potions of heal wounds
 x - 2 potions of experience {unknown}
 z - 4 potions of mutation {unknown}
 A - a potion of magic {unknown}
 C - 2 potions of berserk rage {unknown}
 G - 3 potions of brilliance {unknown}
Books
 T - Baxaid's Disquisition on the Floating Traveller
   (You found it on level 8 of the Dungeon)

   Spells                             Type                      Level
   a - Recall                         Summoning/Translocation      3
   b - Gell's Gravitas                Translocation                3
   c - Lesser Beckoning               Translocation                3
   d - Conjure Ball Lightning         Conjuration/Air              6
Miscellaneous
 R - a sack of spiders
 S - a lamp of fire
 U - a phantom mirror
Comestibles
 c - 7 bread rations
 h - 11 meat rations
 m - 21 royal jellies
 q - 22 fruits
 Q - 2 chunks of flesh


   Skills:
 + Level 9.9 Fighting
 * Level 11.3 Long Blades
 + Level 7.6 Throwing
 + Level 9.2 Armour
 - Level 2.4 Dodging
 - Level 2.1 Stealth
 + Level 5.1 Shields
 + Level 0.5 Translocations
 + Level 8.6 Invocations
 + Level 3.8 Evocations


You had 10 spell levels left.
You knew the following spells:

 Your Spells              Type           Power        Failure   Level  Hunger
a - Blink                 Tloc           N/A          52%         2    ###....


Dungeon Overview and Level Annotations

Branches:
Dungeon (11/15)            Temple (0/1) D:6            Lair (3/6) D:11
 Shoals (0/4) Lair:2
  Snake: Lair:2-4    Spider: Lair:2-4       Orc: D:9-12

Altars:
Ashenzari
Cheibriados
Gozag
Hepliaklqana
Makhleb
Okawaru
Qazlal
Sif Muna
Xom

Annotations:
Lair:2 1 exclusion


Innate Abilities, Weirdness & Mutations

You are resistant to torment.
Your stone body is resilient. (AC +9)
You are immune to poison.
You resist negative energy. (rN+)
You are resistant to electric shocks. (rElec)
You can survive without breathing.
You are immune to petrification.
You are immune to rotting.
You are partially covered in iridescent scales. (AC +2)
Scrolls take you a little longer to read.
You are clumsy. (Dex -2)
Your spells are a little harder to cast, but a little more powerful.


Message History

You puncture the ten-headed hydra!
The ten-headed hydra is severely wounded.
The ten-headed hydra bites you.
The ten-headed hydra bites you but does no damage. x2
The ten-headed hydra bites you.
The ten-headed hydra barely misses you. x2
The ten-headed hydra misses you.
The ten-headed hydra bites you but does no damage.
The ten-headed hydra bites you.
* * * LOW HITPOINT WARNING * * *
The ten-headed hydra bites you but does no damage.
You barely miss the ten-headed hydra.
The ten-headed hydra is severely wounded.
The ten-headed hydra closely misses you.
The ten-headed hydra bites you!
* * * LOW HITPOINT WARNING * * *
The ten-headed hydra bites you but does no damage. x2
The ten-headed hydra bites you!
* * * LOW HITPOINT WARNING * * *
The ten-headed hydra bites you.
You die...

.#..........D..## .
##..........#...#....
##..+.######..........
#.#..# # #$.##P..... ..
#....# #≈##..# P#...#.
#+##.# ≈...≈.### #
...### ..
≈≈≈≈≈≈.P######...#
≈≈≈≈≈≈≈D##.#b..#+####.#
≈≈≈≈≈≈≈@P.............#
≈.≈≈≈≈≈≈≈.<......[....#
≈≈>.≈≈≈≈..............##
≈≈.≈≈≈≈.#.............P#
≈≈≈≈≈≈≈≈#.............##
b≈≈≈≈≈≈.............>.#
≈≈≈≈≈...#.............#
..≈.≈..###....#.#..##.#
#≈≈#.# ##...##..#####


You could see a ten-headed hydra.

Vanquished Creatures
  A hydra (D:10)
  2 two-headed ogres (D:9)
  An unseen horror (D:10)
  A cyclops (D:10)
  An ugly thing (D:8)
  A manticore (Lair:2)
  A torpor snail (Lair:1)
  2 gargoyles
  2 spiny frogs
  A molten gargoyle (Lair:2)
  A komodo dragon (D:8)
  A freezing wraith (D:9)
  A tengu conjurer (D:8)
  A queen bee (D:9)
  2 trolls (D:10)
  A hornet (D:11)
  4 blink frogs (Lair:1)
  Prince Ribbit (D:5)
  A meliai zombie (D:10)
  A hippogriff (Lair:2)
  A centaur simulacrum (D:11)
  2 wraiths
  Sigmund (D:3)
  30 yaks
  A wyvern (D:10)
  A hungry ghost (D:10)
  2 fire bats (Lair:2)
  2 wargs (D:11)
  5 swamp worms (Lair:1)
  8 water moccasins
  3 porcupines
  2 sky beasts
  Duvessa (D:5)
  2 ice beasts
  4 orc warriors
  An eye of draining (D:10)
  A phantom (D:7)
  A black bear (D:9)
  12 wolves
  5 ogres
  3 centaurs
  3 crocodiles
  Blork the orc (D:5)
  8 bullfrogs
  A gnoll sergeant (D:9)
  Dowan (D:5)
  5 scorpions
  8 wights
  17 killer bees
  4 electric eels (D:10)
  8 howler monkeys
  3 crimson imps
  A centaur zombie (D:8)
  4 hounds
  2 quasits
  6 orc priests
  A bullfrog skeleton (D:10)
  2 centaur skeletons
  3 jellies (D:8)
  4 iguanas
  10 orc wizards
  9 worker ants
  A hound skeleton (D:9)
  Robin (D:2)
  4 gnolls
  14 adders
  A shadow imp (D:7)
  5 oozes (D:8)
  An adder zombie (D:9)
  15 worms
  A dart slug (D:5)
  4 leopard geckos
  35 orcs
  A giant cockroach (D:3)
  14 goblins
  8 hobgoblins
  19 jackals
  3 kobolds
  7 quokkas
  2 ball pythons
  3 bats
  3 frilled lizards
  A jackal skeleton (D:5)
  A leopard gecko skeleton (D:6)
  A quokka skeleton (D:7)
  5 rats
  A butterfly (Lair:3)
367 creatures vanquished.

Vanquished Creatures (others)
  A leopard gecko (D:10)
  A fungus (Lair:3)
  4 plants
6 creatures vanquished.

Grand Total: 373 creatures vanquished

Notes
Turn   | Place    | Note
-------+----------+-------------------------------------------
     0 | D:1      | tof the Gargoyle Monk began the quest for the Orb.
     0 | D:1      | Reached XP level 1. HP: 14/14 MP: 1/1
   349 | D:1      | Reached XP level 2. HP: 19/19 MP: 2/2
   491 | D:1      | Reached skill level 3 in Long Blades
  1025 | D:2      | Reached skill level 1 in Armour
  1025 | D:2      | Reached XP level 3. HP: 15/23 MP: 3/3
  1157 | D:2      | Found a hazy altar of Hepliaklqana.
  1391 | D:2      | Reached skill level 1 in Throwing
  1645 | D:2      | Reached XP level 4. HP: 27/29 MP: 4/4
  1829 | D:3      | Noticed Robin
  1985 | D:2      | Killed Robin
  2230 | D:2      | Reached XP level 5. HP: 12/33 MP: 5/5
  2444 | D:3      | Noticed Sigmund
  2973 | D:3      | Found an opulent altar of Gozag.
  3064 | D:3      | Reached skill level 4 in Long Blades
  3228 | D:4      | Noticed an ogre
  3464 | D:4      | Got a jewelled trident {pierce}
  3465 | D:4      | Identified the +6 trident "Reseawu" {pierce, -Tele Dex+5 Stlth+} (You took it off an orc on level 4 of the Dungeon)
  3716 | D:4      | Found a shimmering altar of Xom.
  3717 | D:4      | Found a burning altar of Makhleb.
  3725 | D:4      | Reached XP level 6. HP: 38/38 MP: 6/6
  4162 | D:3      | Killed Sigmund
  4276 | D:3      | Found a stormy altar of Qazlal.
  4439 | D:3      | Found an iron altar of Okawaru.
  4447 | D:3      | Became a worshipper of Warmaster Okawaru
  4447 | D:3      | Reached * piety under Okawaru
  4447 | D:3      | Reached ** piety under Okawaru
  4505 | D:4      | Reached skill level 5 in Long Blades
  4505 | D:4      | Reached XP level 7. HP: 44/44 MP: 7/7
  4701 | D:5      | Entered Level 5 of the Dungeon
  4824 | D:5      | Reached skill level 5 in Fighting
  4824 | D:5      | Reached skill level 1 in Invocations
  4881 | D:5      | Noticed Prince Ribbit
  4894 | D:5      | Killed Prince Ribbit
  5198 | D:5      | Reached XP level 8. HP: 43/49 MP: 9/9
  5311 | D:5      | Noticed Duvessa
  5313 | D:5      | Noticed Dowan
  5325 | D:5      | Killed Dowan
  5330 | D:5      | Killed Duvessa
  5692 | D:5      | Noticed Blork the orc
  5697 | D:5      | Killed Blork the orc
  5846 | D:5      | Reached skill level 6 in Long Blades
  5967 | D:6      | Reached *** piety under Okawaru
  6245 | D:6      | Found a staircase to the Ecumenical Temple.
  7131 | D:7      | Reached XP level 9. HP: 37/55 MP: 11/11
  7161 | D:7      | Reached skill level 5 in Armour
  7168 | D:7      | Gained mutation: Scrolls take you a little longer to read. [mutagenic meat]
  7169 | D:7      | Gained mutation: You are partially covered in iridescent scales. (AC +2) [mutagenic meat]
  7170 | D:7      | Lost mutation: Scrolls take you a little longer to read. [mutagenic meat]
  7171 | D:7      | Gained mutation: Your spells are a little harder to cast, but a little more powerful. [mutagenic meat]
  7172 | D:7      | Gained mutation: Scrolls take you a little longer to read. [mutagenic meat]
  7173 | D:7      | Gained mutation: You are clumsy. (Dex -2) [mutagenic meat]
  7554 | D:7      | Reached skill level 7 in Long Blades
  8327 | D:8      | Found a transporter.
  8746 | D:9      | Reached **** piety under Okawaru
  8788 | D:9      | Noticed a queen bee
  8898 | D:9      | Received a gift from Okawaru
  9908 | D:9      | Reached skill level 8 in Long Blades
 10017 | D:9      | Killed a queen bee
 10017 | D:9      | Reached skill level 5 in Throwing
 10017 | D:9      | Reached skill level 5 in Invocations
 10017 | D:9      | Reached XP level 10. HP: 63/63 MP: 13/13
 10121 | D:9      | Noticed a two-headed ogre
 10361 | D:9      | Found a shattered altar of Ashenzari.
 10448 | D:9      | Found a snail-covered altar of Cheibriados.
 10596 | D:9      | Noticed a two-headed ogre
 10617 | D:9      | Killed a two-headed ogre
 10617 | D:9      | Received a gift from Okawaru
 10865 | D:9      | Received a gift from Okawaru
 11268 | D:10     | Entered Level 10 of the Dungeon
 11385 | D:10     | Reached skill level 9 in Long Blades
 11468 | D:10     | Reached ***** piety under Okawaru
 12111 | D:10     | Killed an unseen horror
 12346 | D:10     | Noticed a cyclops
 12388 | D:9      | Reached XP level 11. HP: 68/68 MP: 15/15
 12398 | D:9      | Killed a two-headed ogre
 12413 | D:9      | Received a gift from Okawaru
 12673 | D:10     | Killed a cyclops
 12673 | D:10     | Reached skill level 1 in Shields
 12722 | D:10     | Noticed a centaur warrior
 12722 | D:10     | Noticed an eight-headed hydra
 13032 | D:10     | Learned a level 2 spell: Blink
 13095 | D:10     | Received a gift from Okawaru
 13355 | D:10     | Reached skill level 10 in Long Blades
 13595 | D:10     | Killed an eight-headed hydra
 13595 | D:10     | Received a gift from Okawaru
 13595 | D:10     | Reached skill level 1 in Evocations
 13761 | D:10     | Found a deep blue altar of Sif Muna.
 14104 | D:11     | Found a staircase to the Lair.
 14209 | D:11     | Reached XP level 12. HP: 65/76 MP: 17/17
 14353 | D:11     | Received a gift from Okawaru
 14653 | Lair:1   | Entered Level 1 of the Lair of Beasts
 14660 | Lair:1   | Reached ****** piety under Okawaru
 15152 | Lair:1   | Received a gift from Okawaru
 15530 | Lair:1   | HP: 3/76 [swamp worm (13)]
 15744 | Lair:1   | Received a gift from Okawaru
 15748 | Lair:1   | Reached skill level 11 in Long Blades
 16055 | Lair:2   | Received a gift from Okawaru
 16056 | Lair:2   | Got a distressingly furry robe {god gift}
 16067 | Lair:2   | Identified the +1 robe of Brilliance {rElec Str+2} (Okawaru gifted it to you on level 2 of the Lair of Beasts)
 16085 | Lair:2   | Found a staircase to the Shoals.
 16755 | Lair:2   | Noticed a fire dragon
 17052 | D:8      | Found a transporter.
 17299 | D:8      | Reached skill level 5 in Shields
 17325 | D:8      | Identified Baxaid's Disquisition on the Floating Traveller
 17353 | D:8      | Got a transparent lead ring
 17366 | D:8      | Identified the ring "Utuanopn" {*Tele rElec Int+4} (You found it on level 8 of the Dungeon)
 17614 | Lair:3   | Reached XP level 13. HP: 71/82 MP: 19/19
 17798 | Lair:3   | HP: 2/82 [ten-headed hydra (3)]
 17805 | Lair:3   | HP: 1/82 [ten-headed hydra (5)]
 18151 | Lair:3   | HP: 1/82 [ten-headed hydra (11)]
 18151 | Lair:3   | Slain by a ten-headed hydra

Vault maps used:
D:1:      ncdulo_halloftheorcs
D:2:      old_standard_altar, first_bread, dk_vineyard_3
D:3:      lemuel_coloured_pillars_altar, grunt_gozag_breadcrumbs,
          nicolae_overflow_crystal_walls, uniq_robin, uniq_sigmund
D:4:      grunt_temple_overflow_champion_of_chaos
D:5:      uniq_prince_ribbit1, uniq_duvessa, uniq_blork_the_orc
D:6:      temple_statues
D:8:      gammafunk_the_bubble, hangedman_little_slice_of_home
D:9:      cheibrodos_worm_habitat, kennysheep_mini_moat, minivault_7
D:10:     minmay_the_grid_octo_tiled_squarecenter, lemuel_blue_sif_altar
D:11:     erik_lair_orcish_takeover
Lair:1:   worms_lemuel
Lair:2:   dragon1_lemuel, minmay_shoals_entry_beasts
Lair:3:   infiniplex_staircase_pool_2, lemuel_fruit_fields

Skill      XL: |  1  2  3  4  5  6  7  8  9 10 11 12 |
---------------+-------------------------------------+-----
Long Blades    | 3 4 5 6 8 9 10 11 | 11.3
Armour         | 1 2 3 4 6 7 8 9 |  9.2
Throwing       | 1 2 3 4 5 6 7 |  7.6
Fighting       | 4 5 6 7 8 9 |  9.9
Invocations    | 1 3 5 6 7 8 |  8.6
Shields        | 3 5 |  5.1
Evocations     | 2 3 |  3.8
Dodging        | |  2.4
Stealth        | |  2.1
Translocations | |  0.5

Action                   |  1- 3 |  4- 6 |  7- 9 | 10-12 | 13-15 || total
-------------------------+-------+-------+-------+-------+-------++-------
Melee: Falchion          |    94 |   144 |       |       |       ||   238
       Long sword        |       |    15 |       |       |       ||    15
       Trident           |       |    51 |   376 |   300 |     5 ||   732
       Punch             |       |       |     2 |     4 |       ||     6
       Double sword      |       |       |       |   265 |    15 ||   280
Throw: Tomahawk          |       |       |    41 |    11 |       ||    52
       Javelin           |       |       |     4 |   179 |    18 ||   201
       Throwing net      |       |       |       |     2 |       ||     2
Invok: Heroism           |       |       |     4 |     8 |     1 ||    13
       Finesse           |       |       |       |     1 |     1 ||     2
  Use: Scroll            |       |       |    13 |     7 |     2 ||    22
       Potion            |       |       |       |     2 |     1 ||     3
 Stab: Sleeping          |     2 |     2 |     4 |     7 |       ||    15
       Distracted        |     1 |       |     3 |       |       ||     4
  Eat: Chunk             |     2 |    10 |    17 |    21 |     1 ||    51
       Bread ration      |       |       |     2 |     2 |       ||     4
Armor: Leather armour    |    44 |   110 |   270 |    64 |       ||   488
       Robe              |     2 |       |       |       |       ||     2
       Troll leather arm |       |       |       |   422 |    85 ||   507
Dodge: Dodged            |    81 |   115 |   381 |   422 |    58 ||  1057
       Rpst.: Falchion   |    28 |    11 |       |       |       ||    39
       Long sword        |       |     3 |       |       |       ||     3
       Double sword      |       |       |       |    62 |     2 ||    64

Table legend:
 A = Spawn XP
 B = Non-spawn XP
 C = Spawn XP percentage of total XP
 D = Spawn monster count
 E = Non-spawn monster count
 F = Spawn count percentage of total count
 G = Total turns spent on level
                    A         B        C        D         E        F      G
               +---------+---------+-------+---------+---------+-------+---------
         Total |       0 |   32525 |   0.0 |       0 |     366 |   0.0 | 18151
               +---------+---------+-------+---------+---------+-------+---------
           D:1 |       0 |      19 |   0.0 |       0 |      12 |   0.0 |   963
           D:2 |       0 |     131 |   0.0 |       0 |      20 |   0.0 |  1712
           D:3 |       0 |     322 |   0.0 |       0 |      29 |   0.0 |   932
           D:4 |       0 |     268 |   0.0 |       0 |      11 |   0.0 |  1094
           D:5 |       0 |     854 |   0.0 |       0 |      20 |   0.0 |  1222
           D:6 |       0 |     240 |   0.0 |       0 |      14 |   0.0 |   882
           D:7 |       0 |     784 |   0.0 |       0 |      17 |   0.0 |   805
           D:8 |       0 |    2429 |   0.0 |       0 |      37 |   0.0 |  1825
           D:9 |       0 |    5492 |   0.0 |       0 |      43 |   0.0 |  2624
          D:10 |       0 |    6612 |   0.0 |       0 |      52 |   0.0 |  2240
          D:11 |       0 |    4386 |   0.0 |       0 |      39 |   0.0 |   953
        Lair:1 |       0 |    6296 |   0.0 |       0 |      48 |   0.0 |  1299
        Lair:2 |       0 |    3509 |   0.0 |       0 |      17 |   0.0 |  1103
        Lair:3 |       0 |    1183 |   0.0 |       0 |       7 |   0.0 |   497
               +---------+---------+-------+---------+---------+-------+---------
